Map: Jagannatha LE

Players

A.I. 2 (Very Easy)

  • Race: Terran Terran
  • Spawn Location: 1:00

DeathOnCall - Winner!

  • Race: Terran Terran
  • League: Diamond
  • Spawn Location: 7:00

VOD

Have the link to the VOD?

Description

constant rines. 3 tanks. 2 vikings then 1 viking 1 lib. Push when lib done and build nat.

Time

  • Played on: April 4, 2021, 5:43 p.m.
  • Length: 6:10
Show
View Real Time Build Order
Export as new Build Order

A.I. 2 (Very Easy) Terran 

Build Orders:  

Get SALT Encoding   

  12  0:00  SCV  
  13  0:13  SCV  
  14  0:18  Supply Depot  
  14  0:37  Refinery  
  14  0:41  Barracks  
  14  1:06  Supply Depot  
  14  1:12  Refinery  
  14  1:29  SCV  
  14  1:30  Marine  
  16  1:41  SCV  
  17  1:53  SCV  
  18  2:00  Marine  
  19  2:06  SCV  
  20  2:18  SCV  
  21  2:30  SCV  
  21  2:31  Marine  
  23  2:42  Orbital Command  
  22  4:17  SCV  
  23  5:29  Marine  
  21  5:40  SCV  
  21  5:41  Supply Depot  
Show
View Real Time Build Order
Export as new Build Order

DeathOnCall Terran - Winner!

Build Orders: 1/1/1 

Get SALT Encoding   

  12  0:01  SCV  
  13  0:13  SCV  
  14  0:17  Supply Depot  
  14  0:25  SCV  
  15  0:29  Refinery  
  15  0:39  SCV  
  16  0:45  Barracks  
  16  0:51  SCV  
  16  0:56  Refinery  
  17  1:03  SCV  
  18  1:18  SCV  
  19  1:32  Orbital Command  
  19  1:33  Factory  
  19  1:36  Marine  
  20  1:47  Supply Depot  
  20  1:57  Marine  
  20  1:58  SCV  
  22  2:10  SCV  
  23  2:18  Factory Tech Lab, Starport  
  23  2:20  Marine  
  24  2:23  SCV  
  24  2:28  Supply Depot  
  25  2:35  SCV  
  26  2:38  Marine  
  26  2:44  Siege Tank  
  31  2:53  Supply Depot  
  31  2:55  Starport Reactor  
  30  2:58  Marine  
  31  3:19  Marine, Siege Tank  
  35  3:31  Supply Depot  
  35  3:32  Viking x2  
  39  3:37  Marine  
  40  3:51  Siege Tank  
  43  3:56  Marine  
  43  4:02  Liberator  
  47  4:10  Supply Depot  
  47  4:16  Viking  
  49  4:44  Marine  
  50  4:47  Command Center  
  50  4:51  Siege Tank  
  53  4:54  Viking  
  53  4:59  SCV  
  56  5:04  Supply Depot  
  56  5:05  Marine  
  57  5:11  SCV  
  58  5:24  Marine, Siege Tank  
  62  5:42  Marine  
  63  5:47  SCV  
  67  6:05  Refinery  
Tags
 
League
Diamond
Matchup
TvT
Opening
1/1/1
Race
Terran
Spawn Locations
Cross Positions
Add a new tag
Caveats
  • Supply blocks, unpowered buildings, or Contaminate may cause inaccurate times.
  • Supply counts are checked every 10 seconds.